 Dungeon Crawl Stone Soup version 0.20-a0-454-g2b43fbb (webtiles) character file.

8 Amnesiac the Vexing (level 2, 0/19 HPs)
             Began as a Mummy Enchanter on Jan 9, 2017.
             Slain by a jackal (2 damage)
             ... on level 2 of the Dungeon.
             The game lasted 00:02:07 (413 turns).

Amnesiac the Vexing (Mummy Enchanter)                Turns: 413, Time: 00:02:08

Health: 0/19       AC:  5    Str: 11    XL:     2   Next: 0%
Magic:  2/5        EV: 10    Int: 14    God:
Gold:   140        SH:  0    Dex: 12    Spells: 3/6 levels left

rFire  x . .     SeeInvis .     a - +1 dagger
rCold  + . .     Gourm    .     e - +0 ring mail
rNeg   + + +     Faith    .     (no shield)
rPois  ∞         Spirit   .     (no helmet)
rElec  .         Reflect  .     (no cloak)
rCorr  .         Harm     .     (no gloves)
MR     .....                    (no boots)
Stlth  +.........               (no amulet)
                                (no ring)
                                (no ring)

@: no status effects
A: no food or potions, fire vulnerability, cold resistance 1, negative energy
resistance 3, torment resistance, unbreathing
a: no special abilities


You were on level 2 of the Dungeon.
You were not hungry.

You visited 1 branch of the dungeon, and saw 2 of its levels.

You collected 140 gold pieces.

Inventory:

Hand Weapons
 a - a +1 dagger (weapon)
 g - a +0 hunting sling
Armour
 b - a +0 robe
 e - a +0 ring mail (worn)
 h - a +0 plate armour
Books
 c - a book of Maledictions

   Spells                             Type                      Level
   a - Corona                         Hexes                        1
   b - Ensorcelled Hibernation        Hexes/Ice                    2
   c - Confuse                        Hexes                        3
   d - Tukima's Dance                 Hexes                        3
   e - Dazzling Spray                 Conjuration/Hexes            3


   Skills:
 - Level 1.0 Short Blades
 - Level 1.5 Dodging
 - Level 2.4 Stealth
 + Level 2.8 Spellcasting
 * Level 3.0 Hexes


You had 3 spell levels left.
You knew the following spells:

 Your Spells              Type           Power        Failure   Level  Hunger
f - Corona                Hex            ##.....      17%         1    N/A
z - Ensorcelled Hibernat  Hex/Ice        #.....       47%         2    N/A

Dungeon Overview and Level Annotations

Branches:
Dungeon (2/15)

Altars:


Innate Abilities, Weirdness & Mutations

You do not eat or drink.
Your flesh is vulnerable to fire.
You are immune to poison.
Your flesh is cold resistant. (rC+)
You are immune to negative energy. (rN+++)
You are immune to unholy pain and torment.
You can survive without breathing.


Message History

The hobgoblin shouts!
The hobgoblin moves out of view.
A jackal comes into view.
The adder barely misses you.
A jackal comes into view.
The frilled lizard hisses angrily.
An adder comes into view.
The adder misses you. The adder closely misses you.
The quokka barely misses you.
A jackal comes into view.
The adder bites you.
* * * LOW HITPOINT WARNING * * *
The adder bites you but does no damage.
The jackal bites you but does no damage.
The quokka bites you.
* * * LOW HITPOINT WARNING * * *
The frilled lizard unfolds its giant frill.
Your magical contamination has completely faded away.
The jackal bites you.
You die...

#................#
#<)..............#
#)...............#
#................####
#.....!..........$...
#....$.s.g......?....
##.....rShl.....#.###
##.....h#h.......#
#####@..........#
#..$......!..#
#...............
#...............
#..............
#.............
#............
#...........


You could see an adder (inner flame), a quokka, 3 jackals, a giant cockroach, a
hobgoblin and a frilled lizard.

Vanquished Creatures
  A bat (D:1)
  A goblin (D:1)
  3 hobgoblins
  A kobold (D:1)
  2 fungi (D:1)
8 creatures vanquished.

Notes
Turn   | Place    | Note
-------+----------+-------------------------------------------
     0 | D:1      | Amnesiac the Mummy Enchanter began the quest for the Orb.
     0 | D:1      | Reached XP level 1. HP: 13/13 MP: 4/4
    30 | D:1      | Reached skill level 1 in Short Blades
   373 | D:2      | Reached skill level 3 in Hexes
   381 | D:2      | Reached XP level 2. HP: 9/19 MP: 1/5
   390 | D:2      | Learned a level 2 spell: Ensorcelled Hibernation
   413 | D:2      | Slain by a jackal

Vault maps used:
D:1:      grunt_arrival_crossed_arrows, minmay_gold_behind_fungi, minivault_26
D:2:      lemuel_round_altar

Skill      XL: |  1 |
---------------+----+-----
Short Blades   | 1 |  1.0
Hexes          | 3 |  3.0
Dodging        | |  1.5
Stealth        | |  2.4
Spellcasting   | |  2.8

Action                   || total
-------------------------++-------
Melee: Dagger            ||    56
 Cast: Corona            ||     5
  Use: Scroll            ||     2
 Stab: Sleeping          ||     1
Armor: Ring mail         ||    11
       Robe              ||     1
Dodge: Dodged            ||    14
